 Dungeon Crawl Stone Soup version 0.15-a0-1689-gfa11693 (webtiles) character file.

36 Impoz the Charmwright (level 3, 0/24 HPs)
             Began as a High Elf Skald on June 25, 2014.
             Slain by an adder (1 damage)
             ... on Level 2 of the Dungeon.
             The game lasted 00:03:43 (1031 turns).

Impoz the Charmwright (High Elf Skald)              Turns: 1031, Time: 00:03:43

HP   0/24        AC  3     Str 12      XL: 3   Next: 19%
MP   9/9         EV 10     Int 19      God:
Gold 39          SH  0     Dex 14      Spells:  1 memorised,  7 levels left

rFire  . . .     SeeInvis .     a - +0 falchion
rCold  . . .     Clarity  .     b - +0 leather armour
rNeg   . . .     rCorr    .     (no shield)
rPois  .         rRot     .     (helmet restricted)
rElec  .         Spirit   .     (no cloak)
SustAb .         Warding  .     (no gloves)
rMut   .         Stasis   .     (no boots)
Gourm  .                        (no amulet)
MR     .....                    (no ring)
                                i - +3 ring of intelligence

@: lethally poisoned, not resistant to hostile enchantments, very unstealthy
A: horns 1, placid magic 2
a: no special abilities


You were on level 2 of the Dungeon.
You were not hungry.

You visited 1 branch of the dungeon, and saw 2 of its levels.

You collected 39 gold pieces.

Inventory:

Hand weapons
 a - a +0 falchion (weapon)
Armour
 b - a +0 leather armour (worn)
Comestibles
 d - a bread ration
 f - 3 fruits
Scrolls
 e - 3 scrolls of identify {unknown}
 g - 2 scrolls of teleportation {unknown}
 h - 2 scrolls of remove curse {unknown}
 k - a scroll of recharging {unknown}
 l - a scroll of fear {unknown}
 m - a scroll of random uselessness {unknown}
Jewellery
 i - a +3 ring of intelligence (left hand)
Potions
 n - a potion of curing {unknown}
Books
 c - a book of Battle

   Spells                             Type                      Level
   *Infusion                          Charms                       1
   Shroud of Golubria                 Charms/Translocation         2
   Song of Slaying                    Charms                       2
   Spectral Weapon                    Hexes/Charms                 3
   Regeneration                       Charms/Necromancy            3


   Skills:
 - Level 2.0 Fighting
 + Level 3.4 Long Blades
 - Level 1.0 Armour
 - Level 1.1 Dodging
 - Level 3.0 Spellcasting
 + Level 4.1 Charms


You had 7 spell levels left.
You knew the following spells:

 Your Spells              Type           Power        Failure   Level  Hunger
a - Infusion              Chrm           #.....       1%          1    None


Dungeon Overview and Level Annotations

Branches:
Dungeon (2/15)

Altars:


Innate Abilities, Weirdness & Mutations

You have a pair of small horns on your head.
Your spells are easier to cast, but less powerful.


Message History

The giant cockroach barely misses you. The adder bites you but does no damage.
You hit the adder.
The adder is severely wounded.
The giant cockroach bites you. The adder bites you.
* * * LOW HITPOINT WARNING * * *
You are lethally poisoned!
The adder poisons you! The giant cockroach bites you.
* * * LOW HITPOINT WARNING * * *
The adder bites you.
* * * LOW HITPOINT WARNING * * *
You are more poisoned.
The adder poisons you!
Drink which item? (? for menu, Esc to quit)
You feel extremely strange. A pair of horns grows on your head!
You feel more in control of your magic.
You feel more in control of your magic.
It was a potion of mutation.
* * * LOW HITPOINT WARNING * * *
You feel sick. The adder bites you.
You die...

. #.# #.# #.# ##. #.#
......##### #.####
#.....S@.# #.##.##
#.....##s######.#.<.####
.......................+
#.....##.######.#...####
#.... #.# #.##.## .##
#.# #.#### #.# #.# ..#
#.# ### #.#


You could see an adder and a giant cockroach.

Vanquished Creatures
  An adder (D:2)
  A giant gecko (D:1)
  3 giant cockroaches (D:1)
  4 goblins (D:1)
  5 hobgoblins
  4 bats (D:1)
  2 giant newts (D:1)
  A kobold (D:1)
  4 rats (D:1)
25 creatures vanquished.

Notes
Turn   | Place    | Note
--------------------------------------------------------------
     0 | D:1      | Impoz, the High Elf Skald, began the quest for the Orb.
     0 | D:1      | Reached XP level 1. HP: 14/14 MP: 4/4
   243 | D:1      | Reached skill level 1 in Armour
   314 | D:1      | Reached XP level 2. HP: 13/19 MP: 6/6
  1019 | D:2      | Reached skill level 4 in Charms
  1019 | D:2      | Reached XP level 3. HP: 18/24 MP: 9/9
  1031 | D:2      | Gained mutation: You have a pair of small horns on your head. [potion of mutation]
  1031 | D:2      | Gained mutation: Your spells are a little easier to cast, but a little less powerful. [potion of mutation]
  1031 | D:2      | Gained mutation: Your spells are easier to cast, but less powerful. [potion of mutation]
  1031 | D:2      | HP: 1/24 [poisoned by an adder]
  1031 | D:2      | Slain by an adder

Action                   || total
-------------------------++-------
Melee: Falchion          ||    79
  Use: Potion            ||     1
